 Dungeon Crawl Stone Soup version 0.16-a0-2622-gbfab2ba (console) character file.

359 nht the Basher (level 6, -2/93 HPs)
             Began as an Ogre Berserker on Nov 22, 2014.
             Was an Elder of Trog.
             Slain by Robin
             ... wielding a +2 trident of venom
              (9 damage)
             ... on level 4 of the Dungeon.
             The game lasted 00:03:26 (3231 turns).

nht the Basher (Ogre Berserker)                     Turns: 3231, Time: 00:03:27

Health: -2/93      AC:  3    Str: 30    XL:     6   Next: 65%
Magic:  6/6        EV: 10    Int:  6    God:    Trog [****..]
Gold:   173        SH:  0    Dex:  9    Spells: 0 memorised, 5 levels left

rFire  . . .     SeeInvis .     a - +0 mace
rCold  . . .     Clarity  .     b - +0 animal skin
rNeg   + . .     SustAb   .     (shield restricted)
rPois  .         Gourm    .     v - +0 hat
rElec  .         Spirit   .     (no cloak)
rCorr  .         Warding  .     (gloves unavailable)
rMut   .         Stasis   .     (boots unavailable)
MR     .....                    q - amulet of faith
Stlth  ..........               d - ring of flight
                                g - ring of positive energy

@: berserking, very quick, not resistant to hostile enchantments, extremely
unstealthy
A: unfitting armour, tough skin 1
a: Burn Spellbooks, Berserk, Trog's Hand, Brothers in Arms, Renounce Religion,
Evoke Flight


You were on level 4 of the Dungeon.
You worshipped Trog.
Trog was greatly pleased with you.
You were not hungry.

You visited 1 branch of the dungeon, and saw 4 of its levels.

You collected 173 gold pieces.

Inventory:

Hand weapons
 a - a +0 mace (weapon)
Missiles
 f - 2 tomahawks (quivered)
Armour
 b - a +0 animal skin (worn)
 v - a +0 hat (worn)
Jewellery
 d - a ring of flight (right hand)
 g - a ring of positive energy (left hand)
 q - an amulet of faith (around neck)
Scrolls
 i - 3 scrolls of remove curse {unknown}
 j - 4 scrolls of amnesia {unknown}
 k - 2 scrolls of fear {unknown}
 n - 3 scrolls of recharging {unknown}
 s - 4 scrolls of identify {unknown}
 t - 3 scrolls of blinking {unknown}
 u - a scroll of immolation {unknown}
Potions
 e - a potion of curing
 m - a potion of cancellation
 x - a potion of confusion {unknown}
Comestibles
 c - 4 meat rations


   Skills:
 - Level 4.0 Fighting
 + Level 9.5 Maces & Flails
 - Level 1.5 Armour
 - Level 1.7 Dodging


You had 5 spell levels left.
You didn't know any spells.

Dungeon Overview and Level Annotations

Branches:
Dungeon (4/15)
 Temple: D:4-7

Altars:
Cheibriados
Elyvilon
Gozag

Annotations:
D:4 Robin


Innate Abilities, Weirdness & Mutations

You are too large for most types of armour.
You have tough skin (AC +1).


Message History

You closely miss the scorpion.
The scorpion is almost dead.
The goblin hits you but does no damage. The hobgoblin hits you.
* * * LOW HITPOINT WARNING * * *
The goblin hits you.
* * * LOW HITPOINT WARNING * * *
You hit the scorpion.
You kill the scorpion!
Trog accepts your kill.
Robin hits you from afar with a trident of venom.
* * * LOW HITPOINT WARNING * * *
The goblin closely misses you. The goblin hits you with a club.
* * * LOW HITPOINT WARNING * * *
Unknown command.
You barely miss the hobgoblin. The goblin barely misses you.
The hobgoblin hits you.
* * * LOW HITPOINT WARNING * * *
The goblin hits you but does no damage.
You closely miss the hobgoblin.
Robin hits you from afar with a trident of venom!
You die...

..█ █..█ █..█
. █..█ █..
█..█ █...██..█
█
.....g..███.█
█......)gg...█


█@g█ █gg████...█ █.<.......█ ██.████!..█ █.█ ... ..██ .... ...█ .█..█ ... You
could see Robin, a hobgoblin (frenzied) and 4 goblins.

Vanquished Creatures
  The ghost of nht the Basher, an average OgBe of Trog (D:3)
  A scorpion (D:4)
  Jessica (D:3)
  Terence (D:3)
  4 adders
  3 worms
  3 giant geckos
  2 oozes (D:1)
  5 orcs (D:3)
  A ball python (D:3)
  3 giant cockroaches
  7 goblins
  7 hobgoblins
  4 jackals (D:1)
  9 kobolds
  A quokka (D:2)
  9 bats
  2 giant newts (D:2)
  12 rats
76 creatures vanquished.

Notes
Turn   | Place    | Note
--------------------------------------------------------------
     0 | D:1      | nht, the Ogre Berserker, began the quest for the Orb.
     0 | D:1      | Reached XP level 1. HP: 24/24 MP: 1/1
    19 | D:1      | Reached XP level 2. HP: 32/32 MP: 2/2
   396 | D:1      | Reached skill level 5 in Maces & Flails
   511 | D:1      | Acquired Trog's second power
   593 | D:1      | Reached XP level 3. HP: 23/39 MP: 3/3
  1098 | D:2      | Found a white marble altar of Elyvilon.
  1256 | D:2      | Reached skill level 6 in Maces & Flails
  1372 | D:2      | Reached XP level 4. HP: 43/48 MP: 4/4
  1780 | D:3      | Noticed Jessica
  1786 | D:3      | Killed Jessica
  2154 | D:3      | Noticed Terence
  2159 | D:3      | Killed Terence
  2159 | D:3      | Reached skill level 7 in Maces & Flails
  2340 | D:3      | Reached XP level 5. HP: 40/54 MP: 5/5
  2501 | D:3      | Noticed nht's ghost (average OgBe)
  2531 | D:3      | Killed nht's ghost
  2531 | D:3      | Reached skill level 9 in Maces & Flails
  2531 | D:3      | Reached XP level 6. HP: 18/62 MP: 6/6
  2694 | D:3      | Found an opulent altar of Gozag.
  2704 | D:3      | Found a snail-covered altar of Cheibriados.
  2936 | D:3      | Acquired Trog's third power
  3209 | D:4      | Noticed Robin
  3231 | D:4      | Slain by Robin

Action                   |  1- 3 |  4- 6 || total
-------------------------+-------+-------++-------
Melee: Mace              |   109 |   122 ||   231
Invok: Berserk           |     5 |     4 ||     9
  Use: Potion            |       |     9 ||     9
  Eat: Chunk             |     5 |     6 ||    11
       Bread ration      |       |     1 ||     1
